 Dungeon Crawl Stone Soup version 0.18.1-48-g4cf74bf (webtiles) character file.

283723 Ladykiller69 the Severer (level 22, 0/180 HPs)
             Began as a Formicid Fighter on Sept 3, 2016.
             Was the Champion of Cheibriados.
             Shot with an arrow by a deep elf master archer (3 damage)
             ... on level 3 of the Elven Halls on Sept 4, 2016.
             The game lasted 02:47:57 (40477 turns).

Ladykiller69 the Severer (Formicid Fighter)        Turns: 40477, Time: 02:48:01

Health: 0/180      AC: 20    Str: 45    XL:     22   Next: 22%
Magic:  31/31      EV: 23    Int: 24    God:    Cheibriados [******]
Gold:   3359       SH: 25    Dex: 25    Spells: 3 memorised, 22 levels left

rFire  + . .     SeeInvis +     b - +1 battleaxe (freeze)
rCold  + . .     Gourm    .     E - +0 ice dragon armour
rNeg   . . .     Faith    .     l - +0 large shield
rPois  +         Spirit   .     (helmet unavailable)
rElec  .         Dismiss  .     Q - +2 cloak {MR+}
rCorr  .         Reflect  .     v - +1 pair of gloves
SustAt .         Harm     .     I - +2 pair of boots
MR     ++++.                    (no amulet)
Stlth  ..........               X - ring of protection from fire
                                U - ring of fire

@: corroded, heavily drained, very slow, incredibly resistant to hostile
enchantments, extremely unstealthy
A: permanent stasis, dig shafts and tunnels, four strong arms, antennae 3, magic
resistance 1, poison resistance
a: Dig, Shaft Self, Bend Time, Temporal Distortion, Slouch, Step From Time,
Renounce Religion


You were on level 3 of the Elven Halls.
You worshipped Cheibriados.
Cheibriados was exalted by your worship.
You were not hungry.

You visited 7 branches of the dungeon, and saw 37 of its levels.
You also visited: Labyrinth, Ossuary, Bailey and Ice Cave.

You collected 3559 gold pieces.
You spent 200 gold pieces at shops.

Inventory:

Hand Weapons
 b - a +1 battleaxe of freezing (weapon)
 y - a +3 battleaxe of flaming
Missiles
 i - 26 javelins (quivered)
 H - 33 tomahawks
 S - 5 throwing nets
Armour
 l - a +0 large shield (worn)
 v - a +1 pair of gloves (worn)
 E - a +0 ice dragon armour (worn)
 I - a +2 pair of boots (worn)
 Q - a +2 cloak of magic resistance (worn)
Magical Staves
 a - an uncursed staff of death
 V - an uncursed staff of energy
Jewellery
 u - an uncursed ring of wizardry
 w - an uncursed ring of protection from cold
 x - an uncursed ring of flight
 z - an uncursed ring of protection from magic
 U - a ring of fire (left hand)
 X - a ring of protection from fire (right hand)
Scrolls
 j - 2 scrolls of enchant armour
 m - 13 scrolls of identify
 o - 2 scrolls of holy word
 r - 10 scrolls of remove curse
 B - 3 scrolls of amnesia
 C - 4 scrolls of enchant weapon
 L - 9 scrolls of recharging
 M - 5 scrolls of magic mapping
 N - 3 scrolls of noise
 O - 3 scrolls of fear
 T - 4 scrolls of fog
Potions
 d - 6 potions of might
 g - 2 potions of ambrosia
 h - a potion of flight
 k - 5 potions of cancellation
 q - 5 potions of brilliance
 s - 4 potions of heal wounds
 D - a potion of invisibility
 F - 4 potions of agility
 G - 2 potions of cure mutation
 J - 9 potions of curing
 K - 7 potions of lignification
 W - 5 potions of magic
 Y - a potion of resistance
Books
 c - a book of Burglary

   Spells                             Type                      Level
   a - Swiftness                      Charms/Air                   2
   b - Passwall                       Transmutation/Earth          2
   c - Passage of Golubria            Translocation                4
   d - Lee's Rapid Deconstruction     Earth                        5
   e - Darkness                       Hexes                        6
   f - Invisibility                   Hexes                        6
 e - a Fen Folio

   Spells                             Type                      Level
   a - Corpse Rot                     Necromancy                   2
   b - Stone Arrow                    Conjuration/Earth            3
   c - Leda's Liquefaction            Hexes/Earth                  4
   d - Summon Forest                  Summoning/Translocation      5
   e - Hydra Form                     Transmutation                6
   f - Summon Hydra                   Summoning                    7
 p - a book of Minor Magic

   Spells                             Type                      Level
   a - Magic Dart                     Conjuration                  1
   b - Blink                          Translocation                2
   c - Call Imp                       Summoning                    2
   d - Repel Missiles                 Charms/Air                   2
   e - Slow                           Hexes                        2
   f - Conjure Flame                  Conjuration/Fire             3
   g - Mephitic Cloud                 Conjuration/Poison/Air       3
 t - a book of Envenomations

   Spells                             Type                      Level
   a - Spider Form                    Transmutation/Poison         3
   b - Olgreb's Toxic Radiance        Poison                       4
   c - Alistair's Intoxication        Transmutation/Poison         5
   d - Poisonous Cloud                Conjuration/Poison/Air       6
 A - an Akashic Record

   Spells                             Type                      Level
   a - Dispersal                      Translocation                6
   b - Malign Gateway                 Summoning/Translocation      7
   c - Disjunction                    Translocation                8
   d - Controlled Blink               Translocation                8
 P - a book of Transfigurations

   Spells                             Type                      Level
   a - Irradiate                      Conjuration/Transmutation    5
   b - Statue Form                    Transmutation/Earth          6
   c - Hydra Form                     Transmutation                6
   d - Dragon Form                    Transmutation                7
 R - a book of the Sky

   Spells                             Type                      Level
   a - Summon Lightning Spire         Summoning/Air                4
   b - Airstrike                      Air                          4
   c - Silence                        Hexes/Air                    5
   d - Deflect Missiles               Charms/Air                   6
   e - Conjure Ball Lightning         Conjuration/Air              6
   f - Tornado                        Air                          9
 Z - a book of Fire

   Spells                             Type                      Level
   a - Ignite Poison                  Fire/Transmutation/Poison    3
   b - Fireball                       Conjuration/Fire             5
   c - Bolt of Fire                   Conjuration/Fire             6
   d - Delayed Fireball               Conjuration/Fire             7
   e - Ring of Flames                 Charms/Fire                  7
Comestibles
 f - 20 bread rations
 n - 7 meat rations


   Skills:
 + Level 16.8(14.9) Fighting
 * Level 19.0(17.1) Axes
 + Level 16.4(14.6) Armour
 + Level 13.8(12.1) Dodging
 - Level 15.0(13.2) Shields
 - Level 4.0(2.6) Spellcasting
 - Level 5.2(3.9) Hexes
 - Level 3.0(1.7) Charms
 - Level 5.0(3.6) Air Magic
 - Level 13.0(11.3) Invocations


You had 22 spell levels left.
You knew the following spells:

 Your Spells              Type           Power        Failure   Level  Hunger
a - Repel Missiles        Chrm/Air       ###...       14%         2    ##.....
b - Corona                Hex            ###....      6%          1    None
c - Passage of Golubria   Tloc           N/A          99%         4    ####...


Dungeon Overview and Level Annotations

Branches:
Dungeon (15/15)            Temple (1/1) D:6            Lair (8/8) D:10
  Swamp (4/4) Lair:5        Snake (4/4) Lair:6        Slime (0/6) Lair:7
    Orc (2/2) D:9             Elf (3/3) Orc:2        Vaults (0/5) D:14
 Depths (0/5) D:15

Altars:
Ashenzari
Cheibriados
Dithmenos
Elyvilon
Fedhas
Kikubaaqudgha
Makhleb
Nemelex Xobeh
Okawaru
Pakellas
Qazlal
Sif Muna
Trog
Vehumet
Xom
Yredelemnul
Zin
The Shining One
Beogh

Shops:
D:4 =   D:7 *   D:9 *   D:15 %   Orc:2 *=?*   Snake:1 (   Snake:3 }


Innate Abilities, Weirdness & Mutations

You are under a permanent stasis effect.
You can dig through walls and to a lower floor.
Your four strong arms can wield two-handed weapons with a shield.
You have a pair of large antennae on your head (SInv).
You are resistant to hostile enchantments.
Your system is resistant to poisons.


Message History

The deep elf sorcerer gestures at you while chanting.
The bolt of acid hits you!
* * * LOW HITPOINT WARNING * * *
The acid corrodes you!
The acid burns!
* * * LOW HITPOINT WARNING * * *
The deep elf master archer shoots an arrow.
The arrow hits you!!
* * * LOW HITPOINT WARNING * * *
The large abomination is engulfed in roaring flames.
Items here: ( )) [ a flail; a rapier; a leather armour; 6 arrows Unknown command.
Drink which item? (? for menu, Esc to quit)
You feel much better.
The deep elf death mage is infused with unholy energy.
* * * LOW HITPOINT WARNING * * *
The deep elf death mage draws life force from you and is healed!
The deep elf master archer shoots an arrow.
The arrow hits you.
You die...

...##
###.......##
####
#........##
# #.########
#.# #.# #.#
#####.##
##)#)#).#
#.#)#@e.#
######ee#
#EE# #X≈#
#()# #))#
#(.# #))# {
#..#


You could see a deep elf master archer, a deep elf death mage, a deep elf
sorcerer, a large abomination and 2 fire elementals.

Vanquished Creatures
  Vashnia (Snake:4)
  Norris (Elf:2)
  Saint Roka (Snake:3)
  A bone dragon (Swamp:4)
  Nikola (Snake:1)
  Jorgrun (Elf:2)
  A deep elf master archer (Elf:3)
  3 deep elf blademasters
  Kirke (Lair:5)
  2 thorn hunters
  Roxanne (Snake:3)
  6 greater nagas
  Donald (Snake:3)
  Aizul (Snake:4)
  A frost giant (IceCv)
  Maud (Orc:1)
  An orc warlord (Orc:2)
  2 deep elf sorcerers
  A deep elf elementalist (Elf:3)
  Azrael (Elf:2)
  2 deep elf annihilators (Elf:3)
  6 deep elf demonologists (Elf:3)
  The ghost of Charly the Severer, a journeyman DDBe of Trog (Snake:1)
  4 deep elf death magi
  5 dire elephants (Lair:8)
  A minotaur (Lab)
  4 vault guards (D:14)
  Erolcha (D:8)
  2 deep elf high priests (Elf:3)
  13 naga warriors
  3 ghost crabs
  23 hydras
  2 ogre magi
  Erica (D:10)
  The ghost of sdOOK the Nimble, a novice TrBe of Trog (D:10)
  8 centaur warriors
  10 anacondas
  A queen ant (Lair:5)
  2 tengu warriors
  6 alligators
  A vampire mage (D:15)
  10 death yaks
  26 dancing weapons
  Urug (D:15)
  9 shock serpents
  6 orc high priests
  22 deep elf knights
  14 naga sharpshooters
  Nergalle (D:10)
  A sea snake (Snake:1)
  5 skeletal warriors (D:15)
  2 small abominations (Elf:3)
  6 salamander mystics
  5 spriggan druids
  3 spectral hydras (Swamp:4)
  4 unseen horrors
  3 swamp dragons (Swamp:3)
  28 deep elf archers
  A sphinx zombie (D:15)
  3 shambling mangroves
  A naga ritualist (Snake:3)
  Pikel (D:7)
  8 hill giants
  A lindwurm (Lair:5)
  5 orc knights
  2 phantasmal warriors (Swamp:4)
  A necromancer (D:15)
  6 mana vipers
  A hornet (Swamp:3)
  A frost giant zombie (D:15)
  51 deep elf magi
  3 cyclopes
  6 orc sorcerers
  15 ugly things
  A wizard (D:14)
  17 salamanders
  2 griffons (Lair:7)
  9 elephants (Lair:8)
  6 centaur zombies
  A guardian serpent (Snake:2)
  42 black mambas
  A guardian serpent (shapeshifter) (Elf:3)
  11 naga magi
  An ice statue (D:14)
  3 centaur skeletons
  21 spiny frogs
  3 rime drakes
  A gargoyle (D:14)
  2 swamp worm zombies (Swamp:4)
  6 kobold demonologists
  12 komodo dragons
  A tengu conjurer (D:14)
  5 giant leeches
  3 hydra zombies (Swamp:4)
  A wolf spider simulacrum (D:14)
  15 polar bears (IceCv)
  A two-headed ogre (shapeshifter) (Elf:1)
  11 trolls
  10 bog bodies
  31 blink frogs
  3 spectral swamp dragons (Swamp:4)
  A boulder beetle (Lair:7)
  3 alligator zombies (Swamp:4)
  8 two-headed ogres
  30 slime creatures
  An ettin zombie (D:15)
  4 air elementals
  A shadow (D:15)
  A centaur simulacrum (D:14)
  A yak (shapeshifter) (D:15)
  3 water elementals
  58 yaks
  10 spriggans
  4 wraiths
  A wyvern (D:8)
  7 fire elementals
  A golden eye (shapeshifter) (D:15)
  5 hogs (Lair:5)
  4 basilisks
  18 vampire mosquitoes
  An elf skeleton (D:15)
  13 soldier ants
  11 hippogriffs
  16 insubstantial wisps
  2 mottled dragons
  31 nagas
  6 wargs
  17 swamp worms
  3 hell hounds (Elf:2)
  9 porcupines
  7 swamp drakes
  18 water moccasins
  48 orc warriors
  5 ice beasts
  3 sky beasts
  10 wasps
  A black bear (D:9)
  7 phantoms
  21 ogres
  3 eyes of draining
  2 swamp dragon zombies (Swamp:4)
  3 necrophages
  15 centaurs
  34 wolves
  21 crocodiles
  Blork the orc (D:6)
  27 giant frogs
  3 earth elementals
  3 big kobolds
  A gnoll sergeant (Orc:1)
  A water moccasin zombie (D:8)
  A wyvern zombie (D:7)
  A wyvern skeleton (D:10)
  3 scorpions
  30 killer bees
  8 electric eels
  17 wights
  A howler monkey (D:6)
  6 crimson imps
  3 jellies
  2 giant frog zombies
  A giant frog skeleton (D:11)
  39 orc priests
  11 hounds
  26 orc wizards
  7 iguanas
  A spectral swamp drake (Swamp:4)
  45 worker ants
  7 hell rats (Lair:6)
  5 big kobold zombies (Ossuary)
  22 sheep
  A hound skeleton (D:10)
  A mummy (Ossuary)
  A worker ant zombie (D:11)
  3 gnolls (Orc:1)
  A swamp drake zombie (Swamp:4)
  14 adders
  52 river rats
  6 shadow imps
  5 white imps (D:14)
  An ufetubus (D:14)
  An adder skeleton (D:9)
  2 worms
  8 dart slugs (D:5)
  7 giant geckos
  140 orcs
  5 spectral bats (Ossuary)
  7 ball pythons
  8 bats
  6 giant cockroaches
  3 goblins
  6 hobgoblins
  11 jackals
  20 kobolds
  3 quokkas
  3 bat simulacra (Ossuary)
  2 giant newts
  6 gnoll zombies (Ossuary)
  A goblin simulacrum (Ossuary)
  7 goblin zombies (Ossuary)
  3 hobgoblin zombies (Ossuary)
  A kobold simulacrum (Ossuary)
  3 kobold zombies (Ossuary)
  3 orc zombies (Ossuary)
  3 quokka skeletons
  6 rats
  3 rat simulacra (Ossuary)
  3 spectral goblins (Ossuary)
  A spectral rat (Ossuary)
  14 fungi
  13 plants
  4 withered plants (D:15)
1726 creatures vanquished.

Vanquished Creatures (others)
  2 deep elf magi
  2 spriggans (Swamp:4)
  2 humans (Lair:5)
  An ogre (D:15)
  3 wasps (Swamp:4)
  A crimson imp (D:7)
  An orc priest (Orc:2)
  3 worker ants (Lair:5)
  2 orcs
  A gnoll zombie (Ossuary)
  A goblin zombie (Ossuary)
  A hobgoblin zombie (Ossuary)
  A bush (Lair:8)
  40 fungi
  24 plants
  2 withered plants (D:15)
87 creatures vanquished.

Grand Total: 1813 creatures vanquished

Notes
Turn   | Place    | Note
--------------------------------------------------------------
     0 | D:1      | Ladykiller69 the Formicid Fighter began the quest for the Orb.
     0 | D:1      | Reached XP level 1. HP: 18/18 MP: 1/1
   339 | D:1      | Reached XP level 2. HP: 18/24 MP: 2/2
   709 | D:2      | Reached XP level 3. HP: 29/29 MP: 3/3
  1126 | D:2      | Reached XP level 4. HP: 33/37 MP: 4/4
  1376 | D:3      | Found a white marble altar of Elyvilon.
  1424 | D:3      | Reached skill level 3 in Axes
  1450 | D:3      | Found a shattered altar of Ashenzari.
  1521 | D:3      | Reached XP level 5. HP: 38/42 MP: 5/5
  1943 | D:4      | Noticed a phantom
  2029 | D:4      | Killed a phantom
  2029 | D:4      | Reached XP level 6. HP: 46/49 MP: 6/6
  2049 | D:4      | Reached skill level 4 in Axes
  2086 | D:4      | Reached skill level 5 in Shields
  2205 | D:4      | Found Ereffi's Jewellery Shop.
  2830 | D:4      | Reached XP level 7. HP: 55/55 MP: 7/7
  2922 | D:5      | Entered Level 5 of the Dungeon
  2969 | D:5      | Reached skill level 5 in Axes
  3194 | D:5      | Found a glowing golden altar of the Shining One.
  3199 | D:5      | Found a burning altar of Makhleb.
  3890 | D:6      | Found a staircase to the Ecumenical Temple.
  3904 | D:6      | Reached skill level 6 in Axes
  3915 | Temple   | Entered the Ecumenical Temple
  3929 | Temple   | Became a worshipper of Cheibriados the Contemplative
  4005 | D:6      | Reached XP level 8. HP: 37/61 MP: 8/8
  4015 | D:6      | Found a glowing golden altar of the Shining One.
  4072 | D:6      | Noticed Blork the orc
  4080 | D:6      | Killed Blork the orc
  4113 | D:6      | Found a sand-covered staircase.
  4120 | Ossuary  | Entered an ossuary
  4209 | Ossuary  | Reached * piety under Cheibriados
  4399 | Ossuary  | Reached skill level 7 in Axes
  4418 | Ossuary  | Reached ** piety under Cheibriados
  4566 | D:6      | Found a blossoming altar of Fedhas.
  4933 | D:7      | Found a stormy altar of Qazlal.
  4967 | D:7      | Found Futrukh's General Store.
  4982 | D:7      | Noticed Pikel
  5006 | D:7      | Killed Pikel
  5006 | D:7      | Reached skill level 8 in Axes
  5006 | D:7      | Reached XP level 9. HP: 60/66 MP: 9/9
  5064 | D:7      | Reached skill level 9 in Axes
  5222 | D:7      | Found a basalt altar of Yredelemnul.
  5278 | D:7      | Reached *** piety under Cheibriados
  5523 | D:8      | Found a radiant altar of Vehumet.
  5592 | D:8      | Noticed Erolcha
  5595 | D:8      | You fall through a shaft!
  5622 | D:9      | Found Ohoimaf's Assorted Antiques.
  5650 | D:9      | Found a flagged portal.
  5665 | Bailey   | Entered a bailey
  5665 | Bailey   | Noticed an orc knight
  5665 | Bailey   | Noticed Ladykiller69's ghost (journeyman FoFi)
  6073 | D:9      | Bought a glowing brass amulet for 120 gold pieces
  6124 | D:8      | Reached skill level 10 in Axes
  6164 | D:8      | Reached XP level 10. HP: 58/73 MP: 10/10
  6239 | D:8      | Killed Erolcha
  6239 | D:8      | Reached skill level 11 in Axes
  6239 | D:8      | Reached skill level 10 in Shields
  6646 | D:8      | Reached **** piety under Cheibriados
  6666 | D:8      | Reached skill level 1 in Invocations
  6838 | D:8      | Reached skill level 1 in Dodging
  7076 | D:9      | Reached skill level 5 in Fighting
  7196 | D:9      | Reached skill level 5 in Armour
  7367 | D:9      | Reached ***** piety under Cheibriados
  7367 | D:9      | Reached XP level 11. HP: 43/80 MP: 13/13
  7562 | D:9      | Found a staircase to the Orcish Mines.
  7594 | D:9      | Found a shimmering altar of Xom.
  7905 | D:10     | Entered Level 10 of the Dungeon
  7905 | D:10     | Noticed a hill giant
  7992 | D:10     | Reached skill level 12 in Axes
  8062 | D:10     | Killed a hill giant
  8111 | D:10     | Noticed a hill giant
  8120 | D:10     | Noticed Erica
  8128 | D:10     | Killed Erica
  8138 | D:10     | Killed a hill giant
  8196 | D:10     | Noticed a hill giant
  8203 | D:10     | Reached skill level 5 in Invocations
  8204 | D:10     | Killed a hill giant
  8425 | D:10     | Noticed sdOOK's ghost (novice TrBe)
  8449 | D:10     | HP: 3/83 [sdOOK's ghost (13)]
  8450 | D:10     | You fall through a shaft!
  8816 | D:11     | Noticed a hill giant
  8822 | D:11     | Killed a hill giant
  8887 | D:11     | Reached ****** piety under Cheibriados
  9109 | D:10     | Found a staircase to the Lair.
  9119 | D:10     | Gained mutation: Your system is resistant to poisons. [potion of beneficial mutation]
  9120 | D:10     | Gained mutation: You are resistant to hostile enchantments. [potion of beneficial mutation]
  9165 | D:10     | Reached XP level 12. HP: 40/89 MP: 16/16
  9264 | D:10     | Noticed Nergalle
  9397 | D:11     | Noticed an unseen horror
  9414 | D:11     | Killed an unseen horror
  9421 | D:11     | Reached skill level 13 in Axes
  9792 | D:11     | Noticed a centaur warrior
  9803 | D:11     | Killed a centaur warrior
 10181 | D:12     | Found a labyrinth entrance.
 10186 | Lab      | Entered a labyrinth
 10403 | Lab      | Noticed a minotaur
 10414 | Lab      | HP: 4/91 [minotaur/trident of venom (33)]
 10417 | Lab      | Killed a minotaur
 10868 | D:12     | Noticed an eight-headed hydra
 10873 | D:12     | Killed a four-headed hydra
 10966 | D:12     | Reached skill level 5 in Dodging
 11559 | D:10     | Killed Nergalle
 11559 | D:10     | Reached XP level 13. HP: 72/99 MP: 18/18
 11596 | Lair:1   | Entered Level 1 of the Lair of Beasts
 12880 | Lair:2   | Noticed a seven-headed hydra
 12890 | Lair:2   | Killed a one-headed hydra
 13297 | Lair:3   | Noticed a seven-headed hydra
 13308 | Lair:3   | Killed a two-headed hydra
 13963 | Lair:4   | Noticed a five-headed hydra
 13974 | Lair:4   | Killed a one-headed hydra
 13974 | Lair:4   | Reached skill level 14 in Axes
 14251 | Lair:4   | Reached XP level 14. HP: 65/109 MP: 21/21
 14260 | Lair:4   | Reached skill level 10 in Fighting
 14642 | Lair:5   | Noticed Kirke
 14676 | Lair:5   | Killed Kirke
 14676 | Lair:5   | Reached skill level 10 in Invocations
 14749 | Lair:5   | Found a staircase to the Swamp.
 14783 | Lair:5   | Reached skill level 10 in Armour
 15367 | Lair:6   | Found a staircase to the Snake Pit.
 16059 | Lair:7   | Found a staircase to the Slime Pits.
 16124 | Lair:7   | Reached XP level 15. HP: 90/119 MP: 23/23
 16972 | Lair:8   | Entered Level 8 of the Lair of Beasts
 17232 | Lair:8   | Reached skill level 15 in Axes
 17554 | Lair:8   | Learned a level 2 spell: Repel Missiles
 17765 | Lair:8   | Reached skill level 1 in Charms
 17765 | Lair:8   | Reached skill level 1 in Air Magic
 17785 | Lair:8   | Reached skill level 1 in Spellcasting
 18958 | D:10     | Killed sdOOK's ghost
 19040 | Orc:1    | Entered Level 1 of the Orcish Mines
 19045 | Orc:1    | Reached XP level 16. HP: 100/127 MP: 24/24
 19205 | Orc:1    | Noticed Maud
 19213 | Orc:1    | Killed Maud
 19687 | Orc:2    | Entered Level 2 of the Orcish Mines
 19761 | Orc:1    | Found a roughly hewn altar of Beogh.
 20054 | Orc:2    | Found a roughly hewn altar of Beogh.
 20191 | Orc:2    | Found Kuss's Jewellery Emporium.
 20395 | Orc:2    | Found Wizol's General Store.
 20413 | Orc:2    | Bought a potion of curing for 48 gold pieces
 20413 | Orc:2    | Bought a scroll of identify for 32 gold pieces
 20722 | Orc:2    | Found Tyfrirho's Magic Scroll Boutique.
 20815 | Orc:2    | HP: 6/128 [orc high priest/divine providence (15)]
 21207 | Orc:2    | Found a roughly hewn altar of Beogh.
 21230 | Orc:2    | Found Bujifik's General Store.
 21375 | Orc:2    | Found a staircase to the Elven Halls.
 22739 | D:14     | Found a gate to the Vaults.
 22792 | D:14     | HP: 3/129 [vault guard/dire flail (17)]
 22798 | D:14     | Reached XP level 17. HP: 23/135 MP: 26/26
 22810 | D:14     | Reached skill level 10 in Dodging
 22844 | D:15     | Entered Level 15 of the Dungeon
 22879 | D:14     | Found a frozen archway.
 23065 | IceCv    | Entered an ice cave
 23705 | IceCv    | Learned a level 1 spell: Corona
 23826 | D:14     | Reached skill level 5 in Air Magic
 24001 | D:14     | Found a basalt altar of Yredelemnul.
 24090 | D:14     | Reached skill level 1 in Hexes
 24856 | D:15     | Reached skill level 16 in Axes
 25239 | D:15     | Found a staircase to the Depths.
 25420 | D:15     | Noticed Urug
 25427 | D:15     | Killed Urug
 25509 | D:15     | Found Lowkuty's Food Emporium.
 26122 | Snake:1  | Entered Level 1 of the Snake Pit
 26125 | Snake:1  | Noticed Charly's ghost (journeyman DDBe)
 26126 | Snake:1  | Reached XP level 18. HP: 144/144 MP: 27/27
 26141 | Snake:1  | Killed Charly's ghost
 26149 | Snake:1  | Identified a scroll of acquirement
 26477 | Snake:1  | Reached skill level 5 in Hexes
 26693 | Snake:1  | Found Qijess's Weapon Boutique.
 26788 | Snake:1  | Noticed Nikola
 26797 | Snake:1  | Killed Nikola
 29024 | Snake:3  | Noticed Donald
 29045 | Snake:3  | Killed Donald
 29424 | Snake:3  | Reached XP level 19. HP: 76/152 MP: 28/28
 29433 | Snake:3  | Found Byebiyc's Gadget Emporium.
 29573 | Snake:3  | HP: 7/152 [greater naga/halberd (2)]
 30021 | Snake:3  | Noticed Roxanne
 30053 | Snake:3  | Noticed Saint Roka
 30074 | Snake:3  | Killed Roxanne
 30378 | Snake:3  | Killed Saint Roka
 30848 | Snake:4  | Entered Level 4 of the Snake Pit
 30858 | Snake:4  | Noticed Aizul
 30876 | Snake:4  | Killed Aizul
 31736 | Snake:4  | Noticed Vashnia
 31762 | Snake:4  | Killed Vashnia
 32130 | Swamp:1  | Entered Level 1 of the Swamp
 32999 | Swamp:2  | Reached skill level 17 in Axes
 33135 | Swamp:2  | Reached XP level 20. HP: 143/161 MP: 29/29
 34257 | Swamp:3  | Reached skill level 15 in Fighting
 34262 | Swamp:3  | Reached skill level 15 in Armour
 34612 | Swamp:3  | Found a shimmering altar of Xom.
 34615 | Swamp:3  | Reached skill level 15 in Shields
 34772 | Swamp:4  | Entered Level 4 of the Swamp
 35482 | Swamp:4  | Noticed a bone dragon
 35500 | Swamp:4  | Killed a bone dragon
 36484 | Elf:1    | Entered Level 1 of the Elven Halls
 37403 | Elf:1    | Found an ancient bone altar of Kikubaaqudgha.
 37650 | Elf:1    | Reached XP level 21. HP: 148/170 MP: 30/30
 37885 | Elf:2    | Noticed Norris
 37903 | Elf:2    | Noticed Jorgrun
 37911 | Elf:2    | Killed Norris
 37917 | Elf:2    | Killed Jorgrun
 38194 | Elf:2    | Reached skill level 18 in Axes
 38554 | Elf:2    | Found a runed gate.
 38554 | Elf:2    | Found a runed gate.
 38555 | Elf:2    | Found a runed gate.
 38573 | Elf:2    | Noticed Azrael
 38589 | Elf:2    | Killed Azrael
 38693 | Elf:2    | Learned a level 4 spell: Passage of Golubria
 39397 | Elf:3    | Entered Level 3 of the Elven Halls
 39959 | Elf:3    | Reached XP level 22. HP: 62/179 MP: 31/31
 40384 | Elf:3    | Reached skill level 19 in Axes
 40476 | Elf:3    | HP: 9/180 [deep elf master archer/arrow (18)]
 40477 | Elf:3    | HP: 3/180 [deep elf death mage/vampiric draining (26)]
 40477 | Elf:3    | Shot with an arrow by a deep elf master archer

Skill      XL: |  1  2  3  4  5  6  7  8  9 10 11 12 13 14 15 16 17 18 19 20 21 22 |
---------------+-------------------------------------------------------------------+-----
Shields        | 4 5 6 7 9 10 12 14 15 | 15.0
Fighting       | 4 5 6 8 9 11 12 13 14 15 16 | 16.8
Axes           | 3 4 6 8 10 11 12 13 14 15 16 17 18 19 | 19.0
Armour         | 4 5 6 8 9 10 11 12 13 14 15 16 | 16.4
Invocations    | 3 5 7 9 10 11 12 13 | 13.0
Dodging        | 1 3 5 6 8 9 10 11 12 13 | 13.8
Charms         | 2 3 |  3.0
Air Magic      | 2 4 5 |  5.0
Spellcasting   | 2 4 |  4.0
Hexes          | 4 5 |  5.2

Action                   |  1- 3 |  4- 6 |  7- 9 | 10-12 | 13-15 | 16-18 | 19-21 | 22-24 || total
-------------------------+-------+-------+-------+-------+-------+-------+-------+-------++-------
Melee: War axe           |   154 |   151 |   238 |       |       |       |       |       ||   543
       Battleaxe         |       |       |   166 |   589 |  1176 |  1586 |  1518 |    96 ||  5131
       Scimitar          |       |       |       |     4 |    53 |     7 |    65 |       ||   129
 Cast: Repel Missiles    |       |       |       |       |       |    12 |     4 |       ||    16
Invok: Bend Time         |       |       |       |     3 |     2 |     4 |    11 |       ||    20
       Slouch            |       |       |       |       |       |     7 |       |       ||     7
       Step From Time    |       |       |       |       |       |     1 |     4 |       ||     5
       Temporal Distorti |       |       |       |       |       |       |     8 |       ||     8
 Abil: Dig               |     1 |     1 |     3 |    10 |    10 |    20 |    20 |     1 ||    66
       Shaft Self        |       |       |     1 |     1 |       |       |       |       ||     2
  Use: Potion            |     4 |       |       |     8 |     2 |     5 |     3 |     1 ||    23
       Scroll            |       |       |    11 |     9 |     8 |     6 |     2 |     3 ||    39
 Stab: Distracted        |       |       |       |       |     1 |     1 |     2 |       ||     4
  Eat: Chunk             |     1 |     6 |     9 |     5 |    17 |    12 |     5 |       ||    55
       Pizza             |       |       |       |     4 |       |       |     2 |       ||     6
       Fruit             |       |       |       |       |     1 |       |     3 |       ||     4
       Beef jerky        |       |       |       |       |       |     8 |     2 |       ||    10
       Meat ration       |       |       |       |       |       |       |     3 |       ||     3
       Royal jelly       |       |       |       |       |       |       |     1 |       ||     1
Armor: Scale mail        |    97 |    47 |       |       |       |       |       |       ||   144
       Ice dragon armour |       |    16 |   150 |   161 |   268 |   282 |   242 |    10 ||  1129
Dodge: Dodged            |    83 |    40 |    96 |   257 |   702 |   771 |   641 |    16 ||  2606
       Deflected         |       |       |       |       |       |    35 |     8 |     3 ||    46
Block: Shield            |   123 |    80 |   214 |   445 |   917 |   799 |       |       ||  2578
       Large shield      |       |       |       |       |       |   594 |  1653 |    65 ||  2312
